 Dungeon Crawl Stone Soup version 0.27-a0-1331-g60ef6b6952 (webtiles) character file.

Game seed: 11391252462103257642

56 Nattfarinn the Grave Robber (level 3, 0/28 HPs)
             Began as a Ghoul Necromancer on June 25, 2021.
             Slain by an adder (1 damage)
             ... on level 2 of the Dungeon.
             The game lasted 00:04:24 (2689 turns).

Nattfarinn the Grave Robber (Ghoul Necromancer)     Turns: 2689, Time: 00:04:24

Health: 0/28       AC:  2    Str: 11    XL:     3   Next: 95%
Magic:  0/6        EV: 12    Int: 11    God:
Gold:   54         SH:  0    Dex:  9    Spells: 2/7 levels left

rFire    . . .     SeeInvis .     - Unarmed
rCold    + . .     Faith    .   (no shield)
rNeg     + + +     Spirit   .   a - +0 robe
rPois    ∞         Reflect  .   (no helmet)
rElec    .         Harm     .   (no cloak)
rCorr    .         Rampage  .   (no gloves)
Will     .....                  (no boots)
Stlth    ++........             (no amulet)
HPRegen  0.00/turn              (no ring)
MPRegen  0.10/turn              (no ring)

@: no status effects
A: claws 1, cold resistance 1, negative energy resistance 3, inhibited
regeneration, torment resistance 2
a: no special abilities


You were on level 2 of the Dungeon.
You visited 1 branch of the dungeon, and saw 2 of its levels.

You collected 54 gold pieces.

Inventory:

Armour
 a - a +0 robe (worn)
 c - a +0 buckler
Scrolls
 b - a scroll of amnesia {unknown}
 e - a scroll of acquirement {unknown}
 f - a scroll of teleportation {unknown}
 g - a scroll of holy word {unknown}
 h - a scroll of blinking {unknown}
 i - a scroll of identify {unknown}
Potions
 d - 2 potions of flight {unknown}
 j - a potion of degeneration {unknown}


   Skills:
 + Level 1.5 Fighting
 - Level 1.7 Dodging
 - Level 2.1 Stealth
 + Level 1.6 Unarmed Combat
 * Level 2.7 Spellcasting
 - Level 4.0 Necromancy


You had 2 spell levels left.
You knew the following spells:

 Your Spells              Type           Power      Damage    Failure   Level
a - Pain                  Necr           40%        1d6       5%          1
b - Vampiric Draining     Necr           5%         2d6       16%         3
c - Animate Skeleton      Necr           20%        N/A       5%          1

Your spell library contained the following spells:

 Spells                   Type           Power      Damage    Failure   Level
 Animate Dead             Necr           5%         N/A       45%         4
 Agony                    Necr           10%        N/A       82%         5


Dungeon Overview and Level Annotations

Branches:
Dungeon (2/15)

Altars:


Innate Abilities, Weirdness & Mutations

You thrive by killing the living.
You are immune to poison.
You have sharp fingernails.
Your flesh is cold resistant. (rC+)
You are immune to negative energy. (rN+++)
You do not regenerate when monsters are visible.
You are immune to unholy pain and torment.


Message History

Casting: Animate Skeleton (safe; 5% risk of failure)
Confirm with . or Enter, or press ? or * to list all spells.
Aiming: Pain (safe; 5% risk of failure)
Press: ? - help, Shift-Dir - straight line, f/p - adder
Aim: an adder (heavily wounded, chance to affect: 71%)
The adder struggles to resist.
The adder bites you but does no damage.
Casting: Pain (safe; 5% risk of failure)
Confirm with . or Enter, or press ? or * to list all spells.
Aiming: Pain (safe; 5% risk of failure)
Press: ? - help, Shift-Dir - straight line, f/p - adder
Aim: an adder (heavily wounded, chance to affect: 71%)
The adder struggles to resist.
The adder bites you.
* * * LOW HITPOINT WARNING * * *
Casting: Pain (safe; 5% risk of failure)
Confirm with . or Enter, or press ? or * to list all spells.
Aiming: Pain (safe; 5% risk of failure)
Press: ? - help, Shift-Dir - straight line, f/p - adder
Aim: an adder (heavily wounded, chance to affect: 71%)
The adder writhes in agony.
The adder closely misses you.
Casting: Pain (safe; 5% risk of failure)
Confirm with . or Enter, or press ? or * to list all spells.
Aiming: Pain (safe; 5% risk of failure)
Press: ? - help, Shift-Dir - straight line, f/p - adder
Aim: an adder (almost dead, chance to affect: 71%)
The adder struggles to resist.
The adder misses you. The adder barely misses you.
Casting: Pain (safe; 5% risk of failure)
Confirm with . or Enter, or press ? or * to list all spells.
Aiming: Pain (safe; 5% risk of failure)
Press: ? - help, Shift-Dir - straight line, f/p - adder
Aim: an adder (almost dead, chance to affect: 71%)
The adder struggles to resist.
The adder bites you.
* * * LOW HITPOINT WARNING * * *
You scratch the adder.
The adder is almost dead.
The adder closely misses you.
You barely miss the adder.
The adder is almost dead.
The adder bites you.
You die...

#..(
#######.#.#
...## #...#
#...# ##.)#
#...##
######..#
#...#
#......>#
#...#
#.#######
#...###.#
##.#.##.#
#...##@#
###.##S#
#....#
######


You could see an adder.

Vanquished Creatures
  3 adders (D:2)
  A worm (D:2)
  2 ball pythons (D:1)
  3 endoplasms
  A giant cockroach (D:2)
  3 hobgoblins
  A quokka (D:1)
  2 bats
  A frilled lizard (D:2)
  3 goblins
  A kobold (D:2)
  8 rats
29 creatures vanquished.

Notes
Turn   | Place    | Note
-------+----------+-------------------------------------------
     0 | D:1      | Nattfarinn the Ghoul Necromancer began the quest for the
                  | Orb.
     0 | D:1      | Reached XP level 1. HP: 14/14 MP: 2/2
   681 | D:1      | Reached XP level 2. HP: 21/22 MP: 4/4
  1205 | D:1      | Reached skill level 1 in Unarmed Combat
  1528 | D:2      | Reached skill level 1 in Fighting
  1528 | D:2      | Reached XP level 3. HP: 19/28 MP: 5/5
  2012 | D:1      | Learned a level 3 spell: Vampiric Draining
  2204 | D:2      | Learned a level 1 spell: Animate Skeleton
  2687 | D:2      | HP: 1/28 [adder (3)]
  2689 | D:2      | Slain by an adder

Illustrated notes

Levels and vault maps discovered:
D:1:      dpeg_arrival_ratfight, layout_loops_corners
D:2:      minmay_diamond_boxcup, layout_basic, serial_curves, eino_curves_01,
          eino_curves_04, eino_curves_02

Skill      XL: |  1  2 |
---------------+-------+-----
Spellcasting   | 2 |  2.7
Unarmed Combat | 1 |  1.6
Fighting       | 1 |  1.5
Dodging        | |  1.7
Stealth        | |  2.1
Necromancy     | |  4.0

Action                   || total
-------------------------++-------
Melee: Unarmed           ||   106
 Cast: Pain              ||    47
       Animate Skeleton  ||     2
 Stab: Sleeping          ||     1
       Distracted        ||     1
Armor: Robe              ||    18
Dodge: Dodged            ||    85

Table legend: (Time is in decaauts)
 A = Elapsed time spent in this place.
 B = Non-inter-level travel time spent in this place.
 C = Inter-level travel time spent in this place.
 D = Time resting spent in this place.
 E = Time spent auto-exploring this place.
 F = Levels seen in this place.
 G = Mean time per level.
                   A        B        C        D        E       F      G
               +--------+--------+--------+--------+--------+-----+--------+
         Total |   2688 |   2531 |    157 |    873 |   1316 |   2 | 1344.0 |
       Dungeon |   2688 |   2531 |    157 |    873 |   1316 |   2 | 1344.0 |
               +--------+--------+--------+--------+--------+-----+--------+

Top non-repeatable levels by time:
     D:1: 1948 daAuts
     D:2: 740 daAuts
